 Dungeon Crawl Stone Soup version 0.28-b1-70-g80dc712255 (webtiles) character file.

Game seed: 15517056955378433782

53 crazypyro the Cudgeller (level 3, 0/39 HPs)
             Began as an Ogre Gladiator on Feb 3, 2022.
             Slain by a bullfrog zombie (4 damage)
             ... on level 3 of the Dungeon.
             The game lasted 00:01:20 (2070 turns).

crazypyro the Cudgeller (Ogre Gladiator)            Turns: 2070, Time: 00:01:21

Health: 0/39       AC:  3    Str: 20    XL:     3   Next: 89%
Magic:  3/3        EV: 10    Int:  9    God:
Gold:   91         SH:  0    Dex: 10    Spells: 2/2 levels left

rFire   . . .      SeeInvis .   a - +0 flail
rCold   . . .      Faith    .   (no shield)
rNeg    . . .      Spirit   .   b - +0 robe
rPois   .          Reflect  .   c - +0 hat
rElec   .          Harm     .   (no cloak)
rCorr   .          Rampage  .   (gloves unavailable)
Will    .....                   (boots unavailable)
Stlth   +.........              (no amulet)
HPRegen 0.13/turn               (no ring)
MPRegen 0.08/turn               (no ring)

@: no status effects
A: large, unfitting armour, tough skin 1
a: no special abilities


You were on level 3 of the Dungeon.
You visited 1 branch of the dungeon, and saw 3 of its levels.

You collected 91 gold pieces.

Inventory:

Hand Weapons
 a - a +0 flail (weapon)
Missiles
 d - 2 throwing nets (quivered)
Armour
 b - a +0 robe (worn)
 c - a +0 hat (worn)
Jewellery
 h - a +4 ring of protection
Scrolls
 e - a scroll of immolation {unknown}
 f - a scroll of fear {unknown}
 g - a scroll of identify {unknown}
 i - a scroll of teleportation {unknown}


   Skills:
 + Level 3.7 Fighting
 * Level 3.8 Maces & Flails
 - Level 2.0 Throwing
 - Level 2.7 Dodging


You had 2 spell levels left.
You didn't know any spells.
Your spell library was empty.

Dungeon Overview and Level Annotations

Branches:
Dungeon (3/15)

Altars:

Annotations:
D:2 Robin


Innate Abilities, Weirdness & Mutations

You are too large for most types of armour.
You have tough skin. (AC +1)


Message History

The goblin hits you but does no damage. The goblin hits you with a +0 club.
The goblin hits you with a +0 club.
There is a stone staircase leading down here.
The goblin barely misses you.
You climb downwards.
There is a stone staircase leading up here.
There are monsters nearby!
You hit the goblin.
You kill the goblin!
You see here a +0 club.
The bullfrog zombie hits you. The bullfrog zombie closely misses you.
You barely miss the bullfrog zombie. The bullfrog zombie hits you.
* * * LOW HITPOINT WARNING * * *
You hit the bullfrog zombie.
The bullfrog zombie is lightly damaged.
The bullfrog zombie closely misses you.
The bullfrog zombie hits you but does no damage.
You thump the bullfrog zombie!
The bullfrog zombie is heavily damaged.
The bullfrog zombie hits you.
* * * LOW HITPOINT WARNING * * *
The bullfrog zombie hits you.
* * * LOW HITPOINT WARNING * * *
You barely miss the bullfrog zombie.
The bullfrog zombie is heavily damaged.
The bullfrog zombie barely misses you.
You barely miss the bullfrog zombie.
The bullfrog zombie is heavily damaged.
The bullfrog zombie barely misses you. The bullfrog zombie closely misses you.
You thump the bullfrog zombie! Your punch misses the bullfrog zombie.
The bullfrog zombie is severely damaged.
The bullfrog zombie barely misses you.
You completely miss the bullfrog zombie.
The bullfrog zombie is severely damaged.
The bullfrog zombie barely misses you.
The bullfrog zombie hits you but does no damage.
You barely miss the bullfrog zombie.
The bullfrog zombie is severely damaged.
The bullfrog zombie barely misses you. The bullfrog zombie hits you.
You die...

#########
........#
#<# #)#
#@# #Z#
#.# #..
###


You could see a bullfrog zombie.

Vanquished Creatures
  2 adders (D:2)
  A worm (D:2)
  3 orcs (D:2)
  3 bats
  An endoplasm (D:2)
  5 goblins
  3 hobgoblins
  A quokka (D:2)
  2 ball pythons (D:2)
  A frilled lizard (D:1)
  4 kobolds
26 creatures vanquished.

Notes
Turn   | Place    | Note
-------+----------+-------------------------------------------
     0 | D:1      | crazypyro the Ogre Gladiator began the quest for the Orb.
     0 | D:1      | Reached XP level 1. HP: 22/22 MP: 1/1
   496 | D:1      | Reached XP level 2. HP: 21/31 MP: 2/2
  1503 | D:2      | Reached XP level 3. HP: 20/37 MP: 3/3
  2038 | D:2      | Noticed Robin
  2070 | D:3      | Slain by a bullfrog zombie

Illustrated notes

Levels and vault maps discovered:
D:1:      dpeg_arrival_pond, layout_basic
D:2:      layout_rooms, uniq_terence, uniq_robin
D:3:      layout_loops_ring, cheibriados_altar_1, gammafunk_ghost_split

Skill      XL: |  1 |
---------------+----+-----
Fighting       | 3 |  3.7
Maces & Flails | 3 |  3.8
Throwing       | |  2.0
Dodging        | |  2.7

Action                   || total
-------------------------++-------
Melee: Flail             ||    93
       Punch             ||     2
Throw: Throwing net      ||     1
Armor: Robe              ||    23
Dodge: Dodged            ||    62
